Unix NetHack Version 5.0.0-0 post-release - last build May 17 2026 04:57:42 (dc50c8380fa5e20985bfe3072449f57b8d9895ef,branch:main).

Game began 2026-05-20 01:13:43, ended 2026-05-20 01:54:43.

Kwijibo4686, neutral female human Valkyrie

     -----------       #--------------------------------          --------
     |..........########|..............................|          |......|
     |.......(.|       #|...-----+------.----  -----...|          |....>.|
     |.........|       #|...|...|  |%%.-.-..|  |(][|...|          |......|
     |.^.......|       #....|...|  |%%.|.|..|  |/.?|...|          ----+-.-
     |.........|       #|...|...|-------.---|  |.*.|...|#################
     |.........|        |...---|-...........-+----|-...|#              #
     ---------.-        |..............................|e              #
              #         |........{.----|--.{...........|@              #
            ###         |..........|.....|.............|i     ##       #
            #           |...-|---..|.....|....---|-....|#      #       #
            #  #        |...|...||-|..(..|)-|-|...|---.|#      ###    -|------
           ######       |...|+++|..|....`|[|..|?!(|..+.-####     #    |..<...|
       ---.-..--#       |...|?++|.............|(((|.....####*##)#))###.......|
       |.......|#       |...--------.......-----------.|#        #    |......|
       |.......|##     #|......................[.......|#        #####.......|
       |.......+########--------------------------------#             --------
       |.......|   ######################################
       ---------

Kwijibo4686 the Fighter     St:14 Dx:8 Co:18 In:8 Wi:10 Ch:11  Neutral
Dlvl:6  $:7  HP:0(90) Pw:19(19) AC:-8 Xp:8 T:4155 

Latest messages:
 The quasit misses!
 The quasit bites!
 The quasit hits!
 The quasit misses!
 The quasit bites!
 The quasit hits!
 The quasit hits again!
 The quasit bites!
 The quasit hits!
 The quasit hits again!
 The quasit misses!
 The quasit misses!
 The quasit hits!
 The quasit bites!
 The quasit just misses!
 The quasit hits!
 The quasit bites!
 The quasit just misses!
 The quasit hits!
 The quasit bites!
 The quasit hits!
 The quasit hits again!
 The quasit bites!
 The quasit hits!
 The quasit misses!
 The quasit misses!
 The quasit hits!
 The quasit hits again!
 The quasit bites!
 The quasit misses!
 The quasit hits!
 The quasit bites!
 The quasit hits!
 The quasit hits again!
 The quasit misses!
 The quasit just misses!
 The quasit hits!
 The quasit misses!
 The quasit misses!
 The quasit hits!
 The quasit misses!
 The quasit hits!
 The quasit hits again!
 The quasit bites!
 You die...
 Do you want your possessions identified? [ynq] (y) y
 Do you want to see your attributes? [ynq] (y) y
 Do you want an account of creatures vanquished? [ynaq] (y) y
 Do you want to see your conduct and achievements? [ynq] (y) y
 Do you want to see the dungeon overview? [ynq] (y) y

Inventory:
 Coins    ('$')
  $ - 7 gold pieces
 Weapons  (')')
  b - a +0 dagger (alternate weapon; not wielded)
  y - a +1 spear (weapon in right hand)
 Armor    ('[')
  o - an uncursed +2 orcish helm (being worn)
  t - a blessed +0 pair of iron shoes (being worn)
  c - an uncursed +3 small shield (being worn)
  B - an uncursed +0 cloak of protection (being worn)
  f - an uncursed +0 robe
  p - an uncursed +0 dwarvish mithril-coat (being worn)
 Comestibles  ('%')
  e - an uncursed food ration
  I - an uncursed tripe ration
 Scrolls  ('?')
  N - an uncursed scroll of amnesia
  W - an uncursed scroll of confuse monster
  X - an uncursed scroll of create monster
  d - an uncursed scroll of enchant armor
  T - an uncursed scroll of enchant weapon
  Q - 2 cursed scrolls of identify
  U - an uncursed scroll of light
 Potions  ('!')
  H - 2 uncursed potions of extra healing
  Z - 2 cursed potions of fruit juice
  P - a blessed potion of sickness
  V - a cursed potion of speed
 Rings    ('=')
  E - an uncursed ring of stealth
 Wands    ('/')
  D - a wand of opening (0:4)
  K - a wand of polymorph (0:4)
  O - a wand of striking (0:1)
 Tools    ('(')
  L - an uncursed oilskin sack containing 6 items
  a - an uncursed sack containing 11 items
  C - an uncursed magic whistle
  R - 2 blessed tallow candles
  J - an uncursed tallow candle
  s - a +0 unicorn horn
 Gems/Stones  ('*')
  S - an uncursed flint stone
  F - an uncursed touchstone

Contents of the sack:
  67 gold pieces
  a cursed scroll of light
  an uncursed scroll of teleportation
  a cursed scroll of teleportation
  an uncursed potion of extra healing
  a blessed potion of monster detection
  a potion of holy water
  an uncursed ring of conflict
  an uncursed +1 ring of increase accuracy
  2 uncursed tallow candles
  a cursed partly used tallow candle

Contents of the oilskin sack:
  71 gold pieces
  an uncursed banana
  an uncursed carrot
  3 uncursed food rations
  2 uncursed fortune cookies
  2 uncursed lichen corpses

Kwijibo4686 the Valkyrie's attributes:

Background:
 You were a Fighter, a level 8 human Valkyrie.
 You were neutral, on a mission for Odin
 who was opposed by Tyr (lawful) and Loki (chaotic).
 You were right-handed.
 You were in the Gnomish Mines, on level 6.
 You entered the dungeon 4155 turns ago.
 It was nighttime.
 You had 1924 experience points, 636 more were needed to attain level 9.

Basics:
 You had 0 out of 90 hit points.
 You had all 19 energy points (spell power).
 Your armor class was -8.
 Your wallet contained 7 zorkmids, and
 you had 138 more stashed away in your pack.
 Autopickup was on for '$?!/="' plus thrown.

Final Characteristics:
 Your strength was 14 (peak:18/02, limit:18/100).
 Your dexterity was 8 (peak:11, limit:18).
 Your constitution was 18 (limit:18).
 Your intelligence was 8 (limit:18).
 Your wisdom was 10 (limit:18).
 Your charisma was 11 (limit:18).

Final Status:
 You weren't hungry.
 You were unencumbered.
 You were wielding a spear.
 You had expert skill with spear.

Final Attributes:
 You were piously aligned.
 You were cold resistant.
 You were stealthy.
 You were protected.
 You were fast.
 You are dead.

Miscellaneous:
 You didn't encounter any bones levels.
 Total elapsed playing time was 40 minutes and 58 seconds.

Major events:
 Turn
    1: Kwijibo4686 the neutral human Valkyrie entered the dungeon
  842: attained the rank of Skirmisher (level 3)
 1104: entered the Gnomish Mines
 1529: attained the rank of Fighter (level 6)
 1945: reached Mine Town
 4155: killed by a quasit, while frozen by a floating eye's gaze

You didn't know any spells.

Skills:
 Fighting Skills
   bare handed combat [Unskilled]
   two weapon combat  [Unskilled]
   riding             [Unskilled]
 Weapon Skills
   dagger             [Basic]
   axe                [Unskilled]
   pick-axe           [Unskilled]
   short sword        [Unskilled]
   broadsword         [Unskilled]
   long sword         [Unskilled]
   two-handed sword   [Unskilled]
   saber              [Unskilled]
   hammer             [Unskilled]
   quarterstaff       [Unskilled]
   polearms           [Unskilled]
   spear              [Expert]
   trident            [Unskilled]
   lance              [Unskilled]
   sling              [Unskilled]
 Spellcasting Skills
   attack spells      [Unskilled]
   escape spells      [Unskilled]

Voluntary challenges:
 Character rerolling was not enabled.
 You never genocided any monsters.
 You never polymorphed an object.
 You never changed form.
 You used no wishes.
Achievements:
 You entered a shop.
 You attained the rank of Skirmisher.
 You entered the Gnomish Mines.
 You attained the rank of Fighter.
 You entered Minetown.
 You entered a temple.

 The Dungeons of Doom: levels 1 to 5
    Level 1:
       A fountain, a grave.
    Level 2:
       A fountain.
       Stairs down to The Gnomish Mines.
    Level 3:
       A general store.
    Level 4:
       A fountain, a grave, many trees.
    Level 5:
 The Gnomish Mines: levels 3 to 10
    Level 3:
    Level 4:
    Level 5:
    Level 6: <- You were here.
       Many shops, a temple and an altar, some fountains.
       Final resting place for
          you, killed by a quasit, while frozen by a floating eye's gaze.
    Level 7:
    Level 8:
    Level 9:
    Level 10:
       Some fountains.


Vanquished creatures:
  2 vampires
  a small mimic
 an ettin mummy
  a tengu
 an elf mummy
  a pit viper
  a wolf
  a lynx
  a leprechaun
  2 giant spiders
  2 gnome rulers
 an owlbear
  a chickatrice
  a white unicorn
  a raven
  2 gnome mummies
  a human zombie
  a rope golem
  4 Woodland-elves
  a soldier ant
  2 bugbears
 an imp
  2 wood nymphs
  a mountain nymph
  2 shriekers
  8 gnome leaders
  5 gnomish wizards
  2 kobold mummies
  3 elf zombies
  3 giant ants
 12 dwarves
  a homunculus
 10 hill orcs
  3 orc zombies
  a dwarf zombie
 an iguana
  a gas spore
  2 hobbits
  2 hobgoblins
 46 gnomes
  4 geckos
  3 jackals
  a kobold
  3 goblins
  4 grid bugs
  5 lichens
  5 newts
160 creatures vanquished.

No species were genocided or became extinct.

Game over:
                       ----------
                      /          \
                     /    REST    \
                    /      IN      \
                   /     PEACE      \
                  /                  \
                  |   Kwijibo4686    |
                  |      145 Au      |
                  |   killed by a    |
                  |      quasit      |
                  |                  |
                  |                  |
                  |       2026       |
                 *|     *  *  *      | *
        _________)/\\_//(\/(/\)/\//\/|_)_______

Farvel Kwijibo4686 the Valkyrie...

You died in The Gnomish Mines on dungeon level 6 with 11185 points,
and 145 pieces of gold, after 4155 moves.
You were level 8 with a maximum of 90 hit points when you died.

